[Event "45th FIDE Womens Olympiad 2024"]
[Site "Budapest"]
[Date "2024.09.15"]
[Round "5.7"]
[White "Yaqoob, Wafa"]
[Black "Van Wyk, Keisha C"]
[Result "1-0"]
[ECO "B21"]
[WhiteElo "1438"]
[BlackElo "1599"]
[PlyCount "71"]
[EventDate "2024.09.05"]
[EventType "team-tourn"]
[EventCountry "HUN"]
[WhiteTeam "Bahrain"]
[BlackTeam "Namibia"]
[WhiteTeamCountry "BHN"]
[BlackTeamCountry "NAM"]
[TimeControl "40/5400+30:1800+30"]

1. e4 c5 2. d4 cxd4 3. c3 g6 4. Nf3 Nc6 5. Bc4 Bg7 6. cxd4 e6 7. Nc3 Qb6 8. Nb5 Na5 9. Bd3 a6 10. Nc3 Ne7 11. O-O O-O 12. e5 Nac6 13. Bc2 Nb4 14. Bb3 d6 15. Bf4 d5 16. Qd2 Nbc6 17. Rac1 Nf5 18. Rfd1 Bd7 19. Na4 Qd8 20. Nc5 Rb8 21. h3 Qe7 22. g4 Nh4 23. Nxh4 Qxh4 24. Nxd7 Qxh3 25. Qe2 h5 26. Rc3 Qh4 27. Bg3 Qg5 28. f4 Qd8 29. Nxb8 Nxb8 30. gxh5 Nc6 31. Qh2 g5 32. h6 Kh7 33. hxg7+ Kxg7 34. Qh5 gxf4 35. Bxf4 Rg8 36. Qh6# 1-0

[Event "45th FIDE Womens Olympiad 2024"]
[Site "Budapest"]
[Date "2024.09.15"]
[Round "5.8"]
[White "Narva, Triin"]
[Black "Lazarne Vajda, Szidonia"]
[Result "0-1"]
[ECO "C56"]
[WhiteElo "2066"]
[BlackElo "2283"]
[Annotator "TA"]
[PlyCount "100"]
[EventDate "2024.09.05"]
[EventType "team-tourn"]
[EventCountry "HUN"]
[SourceTitle "playchess.com"]
[Source "ChessBase"]
[SourceQuality "1"]
[WhiteTeam "Estonia"]
[BlackTeam "Hungary"]
[WhiteTeamCountry "EST"]
[BlackTeamCountry "HUN"]
[TimeControl "40/5400+30:1800+30"]

1. e4 e5 2. Bc4 Nf6 3. d4 exd4 4. Nf3 Nc6 5. e5 d5 6. Bb5 Ne4 7. Nxd4 Bd7 8. Bxc6 bxc6 9. O-O Bc5 10. Be3 Bb6 11. f3 Ng5 12. f4 Ne4 13. Nd2 Nxd2 14. Qxd2 c5 15. Nf3 {[%emt 0:05:57][%cal Oa2a4] Black should prevent a4!} d4 16. Bf2 Bc6 17. Bh4 Qd7 {[%emt 0:05:54] The position is equal.} 18. Rad1 {[%emt 0:13:10][%cal Of4f5] f5! is the strong threat.} c4 (18... Qg4 $11 {remains equal.} 19. h3 Qh5) 19. Nxd4 $16 Qg4 (19... Be4 $16 20. Rfe1 Qxd4+ 21. Qxd4 Bxc2) 20. Qf2 $18 O-O 21. h3 Qh5 22. Kh2 Bb7 23. Qg3 (23. f5 $18) 23... Kh8 (23... Qg6 $16 {keeps fighting.} 24. Qf2 c3) 24. e6 f6 25. e7 {[%emt 0:01:10] Inhibits Rfd8.} Rfe8 26. Rfe1 $40 {[%emt 0:00:32][%mdl 128] White has strong attack.} Qf7 27. Qa3 {[%emt 0:05:22] Black is weak on the dark squares} (27. Ne6 $1 $16 Qxe7 28. f5) 27... c5 $2 (27... Qg6 $11 {and Black is okay.} 28. Qg3 Kg8) 28. Nf5 {[%emt 0:00:28] Black must now prevent Nd6.} Qg6 29. g4 h5 30. Qg3 {[%emt 0:00:37][%cal Of5g7] Hoping for Nxg7!} Bc7 31. Re2 (31. Rd7 $142 Rac8 32. Re6) 31... Bc8 (31... c3 $142) 32. Rd5 hxg4 33. hxg4 Bxf5 $2 (33... c3) 34. gxf5 $2 (34. Rxf5 c3 35. bxc3 (35. Qh3 Kg8 $18)) 34... Qh6 (34... Qh5 {was called for.} 35. Re1 c3) 35. Kg1 {[%emt 0:00:35][%cal Og3g4] Qg4! would now be deadly.} (35. Rxc5 $2 Bxf4 36. Kg2 Bxg3 $19) 35... Bxf4 {[%emt 0:01:15] [#]} 36. Qg4 Be3+ 37. Kf1 (37. Kh1 $142 {Threatens to win with Rh2.} Qf4 (37... Rxe7 $2 {is the wrong capture.} 38. Rh2 $18) 38. Qxf4 Bxf4 39. Rxc5) 37... Rxe7 $16 {[%emt 0:01:03] [#]} 38. Qg3 $2 (38. Rh2 $1 $16 {and life is bright.} Qh7 39. Qxc4) 38... Bf4 (38... Kg8 $19 39. Rd6 Rae8) 39. Qf2 $2 (39. Qg6 $11 Rxe2 40. Qxh6+ Bxh6 41. Kxe2) 39... Rxe2 $19 40. Kxe2 Re8+ 41. Kf3 Bc1 42. Kg2 Qh5 43. Bg3 Re2 {[%emt 0:00:49] ( -> ...Be3)} (43... Bxb2 44. Qf3 Re2+ 45. Bf2 Qg5+ 46. Kf1 Rxc2 47. Be3 $11) 44. Rxc5 Be3 {[%emt 0:00:36] Black mates.} 45. Rc8+ Kh7 46. Qxe2 Qxe2+ 47. Kh3 Qxc2 48. Rc7 Qxf5+ 49. Kg2 Bb6 50. Re7 Qc2+ {[%emt 0:00:05] Weighted Error Value: White=0.87/Black=0.45.  Loses game:     	White=2     	Black=1      Missed win:     	---       	Black=1      Mistake:       	White=5     	Black=6      Inaccurate:     	White=3     	---        OK:         	White=7     	Black=6      Best:        	White=3     	Black=3} 0-1

[Event "45th FIDE Womens Olympiad 2024"]
[Site "Budapest"]
[Date "2024.09.15"]
[Round "5.9"]
[White "Zhu, Jiner"]
[Black "Mkrtchian, Lilit"]
[Result "0-1"]
[ECO "B17"]
[WhiteElo "2487"]
[BlackElo "2366"]
[Annotator "TA"]
[PlyCount "100"]
[EventDate "2024.09.05"]
[EventType "team-tourn"]
[EventCountry "HUN"]
[SourceTitle "playchess.com"]
[Source "ChessBase"]
[SourceQuality "1"]
[WhiteTeam "China"]
[BlackTeam "Armenia"]
[WhiteTeamCountry "CHN"]
[BlackTeamCountry "ARM"]
[TimeControl "40/5400+30:1800+30"]

1. e4 c6 2. d4 d5 3. Nc3 dxe4 4. Nxe4 Nd7 5. Bd3 Ngf6 6. Ng5 e6 7. Qe2 Bd6 8. Bd2 h6 9. Ne4 Nxe4 10. Qxe4 Nf6 11. Qe2 Qc7 12. Nf3 b6 13. c4 {[%emt 0:07:20] B17: Caro-Kann: Modern Line (4...Nd7).} Bb7 14. Bc3 c5 15. O-O-O O-O-O 16. dxc5 Bxc5 17. Kb1 Rhe8 (17... Qf4 {is more complex.} 18. b4 Ne4 19. Bxg7 Rhg8) 18. Bc2 Rxd1+ 19. Rxd1 Rd8 20. Rxd8+ Kxd8 21. Ne5 Ke7 22. g4 $146 ({Predecessor:} 22. f4 Qd6 23. a3 Bd4 24. Be1 Nd7 25. Bh4+ g5 26. Be1 Nxe5 27. Bb4 Bc5 28. fxe5 {1-0 Vokarev,S (2529)-Danielian,E (2430) Alushta Autumn 1st 2004 (4)}) 22... Qd6 23. Nd3 (23. a3 $11 {remains equal.}) 23... Qxh2 $17 24. Nxc5 Qh1+ 25. Bd1 bxc5 26. f3 h5 27. gxh5 Qxh5 28. a3 Nd7 29. Ka2 f6 30. Qg2 g5 31. b4 Qh4 32. Qe2 Nb6 33. Bb3 {[%emt 0:00:25] [#]} Qf4 ({Black should play} 33... Bc6 $1 $17) 34. bxc5 Bxf3 35. Qf2 $2 (35. Qd3 $17 Be4 36. Qd4) 35... Nd7 $19 (35... Nxc4 36. c6 Qe3 (36... Bxc6 37. Qxf4 gxf4 38. Bxc4 $16) 37. Bb4+ Kf7 38. Qc2 $19) 36. Bd2 Qe4 37. c6 Qxc6 38. Qxa7 g4 39. Kb2 Qb6 40. Qa4 $2 (40. Bb4+ {keeps fighting.} Ke8 41. Qxb6 Nxb6 42. Be1) 40... Qd4+ $19 41. Bc3 Qf2+ 42. Ka1 $2 (42. Bc2 g3 43. Qb4+ Kf7 44. Qd6 Qb6+ 45. Qxb6 Nxb6 46. Kb3) 42... g3 $19 43. Bb4+ Ke8 44. Qa6 Qd4+ 45. Ka2 g2 46. Qxe6+ Kd8 47. Qg8+ Kc7 48. Qg3+ Kc8 (48... Kb6 $142 49. c5+ Ka7 (49... Nxc5 50. Qxf3 g1=Q 51. Bxc5+ Kxc5 52. Qf5+ Qe5 53. Qc2+ Kb6 54. Qb2 Qxb2+ 55. Kxb2 Qd4+ 56. Kc2 f5 57. Bf7 f4 58. Bh5 Qc5+ 59. Kd3 Qxh5 60. Ke4 f3 61. Ke3 Qf5 62. Kf2 Qf4 63. a4 Ka5 64. Ke1 Qd4 65. Kf1 Qb2 66. Kg1 Qg2#)) 49. Ba5 Qc5 ({Worse is} 49... g1=R 50. Qc7#) (49... Ne5 $142 50. Qg8+ Kb7 51. Ba4 Qf2+ (51... g1=R {gets mated.} 52. Qh7+ Ka8 53. Qh8+ Ka7 54. Bb6+ Qxb6 55. Qh7+ Bb7 56. Qc2 Rg2 57. Qxg2 Bxg2 58. Bb5 Qf2+ 59. Kb3 Nd3 60. Kc3 Bf1 61. Kb3 Qd2 62. Be8 Nc5#) 52. Ka1 g1=Q+ (52... g1=R+ 53. Qxg1 Qxg1+ 54. Kb2 Nxc4+ 55. Kb3 Nxa5+ 56. Kc3 Qe3+ 57. Kc2 Be4+ 58. Kd1 Nc4 59. Bc6+ Kxc6 60. a4 Qd2#) 53. Qxg1 Qxg1+ 54. Kb2 Nxc4+ 55. Kb3 Nxa5+ 56. Kc2 Qd4 57. Kc1 Qc3+ (57... Qxa4 58. Kd2 Qd4+ 59. Ke1 Qe3+ 60. Kf1 Qe2+ 61. Kg1 Qg2#) 58. Kb1 Nc4 (58... Qxa3 59. Bd1 Be4+ 60. Bc2 Qb3+ 61. Ka1 Qc3+ 62. Kb1 Qxc2+ 63. Ka1 Nb3#) (58... Qe1+ 59. Kb2 Qd2+ 60. Bc2 Be4 61. Ka2 Qxc2+ 62. Ka1 Nb3#) 59. Bc6+ Kxc6 60. a4 Qb2#) 50. Qe1 Ne5 ({Not} 50... g1=R 51. Qe8+ Kb7 52. Qxd7+ Ka6 53. Bc3 $17) 0-1

[Event "45th FIDE Womens Olympiad 2024"]
[Site "Budapest"]
[Date "2024.09.15"]
[Round "5.9"]
[White "Kovacova, Zuzana"]
[Black "Ebrahim, Zahabiyah"]
[Result "0-1"]
[ECO "B15"]
[WhiteElo "2020"]
[BlackElo "1475"]
[PlyCount "52"]
[EventDate "2024.09.05"]
[EventType "team-tourn"]
[EventCountry "HUN"]
[WhiteTeam "Bermuda"]
[BlackTeam "Tanzania"]
[WhiteTeamCountry "BER"]
[BlackTeamCountry "TAN"]
[TimeControl "40/5400+30:1800+30"]

1. e4 c6 2. d4 d5 3. Nc3 dxe4 4. Nxe4 Nf6 5. Nxf6+ exf6 6. c3 Bd6 7. Bd3 O-O 8. Ne2 Re8 9. Qc2 g6 10. Be3 Be6 11. h4 f5 12. Bg5 Qc7 13. Bd2 Bd5 14. O-O-O Bxg2 15. Rhg1 Be4 16. Ng3 Bxg3 17. Rxg3 Nd7 18. Bg5 Re6 19. Qb3 Bxd3 20. Rgxd3 Rae8 21. Re3 Rxe3 22. fxe3 Qb6 23. Qc2 Kg7 24. Bf4 Nf6 25. Be5 Re6 26. Rg1 Rxe5 {0-} 0-1

[Event "45th FIDE Womens Olympiad 2024"]
[Site "Budapest"]
[Date "2024.09.15"]
[Round "5.10"]
[White "Mkrtchyan, Mariam"]
[Black "Song, Yuxin"]
[Result "0-1"]
[ECO "E18"]
[WhiteElo "2328"]
[BlackElo "2373"]
[Annotator "TA"]
[PlyCount "92"]
[EventDate "2024.09.05"]
[EventType "team-tourn"]
[EventCountry "HUN"]
[SourceTitle "playchess.com"]
[Source "ChessBase"]
[SourceQuality "1"]
[WhiteTeam "Armenia"]
[BlackTeam "China"]
[WhiteTeamCountry "ARM"]
[BlackTeamCountry "CHN"]
[TimeControl "40/5400+30:1800+30"]

1. d4 Nf6 2. c4 e6 3. Nf3 b6 4. g3 Bb7 5. Bg2 Be7 6. Nc3 Ne4 7. Bd2 O-O 8. d5 Nxd2 9. Qxd2 d6 10. O-O Bf6 11. e4 a6 12. Rfc1 Nd7 {[%emt 0:05:31] The position is equal.} 13. b4 a5 14. a3 Ne5 15. Nxe5 Bxe5 16. f4 Bf6 17. Ra2 ({White should play} 17. Rd1 $11) 17... e5 $15 18. Rcc2 Qd7 (18... exf4 $15 19. gxf4 g6) 19. f5 $11 Rfb8 20. Bf1 Qd8 (20... axb4 $11 21. axb4 Bd8) 21. h4 (21. b5 $14) 21... axb4 22. axb4 Rxa2 23. Rxa2 Ra8 {[%emt 0:00:06] Black is weak on the light squares} 24. Be2 g6 25. Bd3 Rxa2 26. Qxa2 Qf8 27. Kf2 Bc8 28. Nb5 Bd8 29. Qa7 gxf5 30. exf5 Qe7 {[%emt 0:01:18] [#] ...e4 would now be deadly.} ({Avoid the trap} 30... Qh6 $2 31. Qb8 Kg7 32. Qxc8 $18) 31. Be4 Qf6 32. Nxc7 Bxf5 33. Ne8 Qh6 34. Bxf5 Qd2+ 35. Kf1 Qd1+ 36. Kf2 Qd2+ 37. Kf3 Qd1+ 38. Ke3 Qe1+ 39. Kd3 Qxg3+ 40. Ke2 Qg2+ 41. Ke3 $2 (41. Kd1 $11 Qf1+ 42. Kd2 Qxf5 43. Nxd6 Qf2+ 44. Kc3 Qe1+ 45. Kc2 Qe2+ 46. Kc1 Qf1+ 47. Kb2) 41... Bxh4 $19 {[%emt 0:07:35] ( -> ...Bg5+)} 42. Bxh7+ Kf8 $1 {[%emt 0:00:01] Black mates.} 43. Nxd6 {[%emt 0:07:35] [#]} Bg5+ $1 44. Kd3 Qd2+ 45. Ke4 Qe3+ 46. Kf5 Qf4# {[%emt 0:00:04] Weighted Error Value: White=0.38/Black=0.08 (flawless) .  Loses game:     	White=1     	---        Mistake:       	White=2     	Black=2      Inaccurate:     	White=5     	Black=2      OK:         	White=4     	Black=16     Best:        	White=3     	Black=4} 0-1

[Event "45th FIDE Womens Olympiad 2024"]
[Site "Budapest"]
[Date "2024.09.15"]
[Round "5.10"]
[White "Mahi, R. Shah"]
[Black "Cancino, Shiela"]
[Result "1/2-1/2"]
[ECO "E16"]
[WhiteElo "1602"]
[BlackElo "1663"]
[PlyCount "72"]
[EventDate "2024.09.05"]
[EventType "team-tourn"]
[EventCountry "HUN"]
[WhiteTeam "Tanzania"]
[BlackTeam "Bermuda"]
[WhiteTeamCountry "TAN"]
[BlackTeamCountry "BER"]
[TimeControl "40/5400+30:1800+30"]

1. d4 Nf6 2. c4 e6 3. Nf3 Bb4+ 4. Bd2 Bxd2+ 5. Nbxd2 b6 6. g3 Bb7 7. Bg2 O-O 8. O-O d6 9. Re1 Nbd7 10. e4 e5 11. d5 a5 12. b3 Nc5 13. Qc2 Qd7 14. Ng5 h6 15. Nh3 Nh7 16. f4 exf4 17. Nxf4 f6 18. Bh3 Qf7 19. Ne6 Rfe8 20. Nxc5 bxc5 21. Be6 Rxe6 22. dxe6 Qxe6 23. Nf3 Re8 24. Re3 Ng5 25. Nxg5 fxg5 26. Rae1 Rf8 27. Qc3 Qg4 28. Qd2 Re8 29. Qe2 Qe6 30. Qd2 Qg4 31. Qxa5 Rxe4 32. Rxe4 Bxe4 33. Qxc7 Qf3 34. Qd8+ Kh7 35. Rxe4 Qxe4 36. Qxd6 Qe1+ 1/2-1/2

[Event "45th FIDE Womens Olympiad 2024"]
[Site "Budapest"]
[Date "2024.09.15"]
[Round "5.11"]
[White "Ni, Shiqun"]
[Black "Danielian, Elina"]
[Result "1/2-1/2"]
[ECO "C01"]
[WhiteElo "2348"]
[BlackElo "2393"]
[Annotator "TA"]
[PlyCount "65"]
[EventDate "2024.09.05"]
[EventType "team-tourn"]
[EventCountry "HUN"]
[SourceTitle "playchess.com"]
[Source "ChessBase"]
[SourceQuality "1"]
[WhiteTeam "China"]
[BlackTeam "Armenia"]
[WhiteTeamCountry "CHN"]
[BlackTeamCountry "ARM"]
[TimeControl "40/5400+30:1800+30"]

1. e4 e6 2. d4 d5 3. exd5 exd5 4. Nf3 Nf6 5. Bd3 Bd6 6. O-O O-O 7. Bg5 Bg4 8. Nbd2 Nbd7 9. h3 Bxf3 10. Qxf3 c6 11. c3 Qb6 12. b4 a5 13. a3 Qc7 14. Rfe1 Rfe8 15. Nb3 axb4 16. axb4 Rxa1 17. Rxa1 h6 18. Bxf6 Nxf6 19. Nd2 Qe7 20. Nf1 g6 21. b5 Kg7 22. bxc6 bxc6 23. c4 dxc4 24. Bxc4 c5 {[%emt 0:08:41] The position is equal.} 25. dxc5 Bxc5 26. Ra2 Qe4 27. Qxe4 Rxe4 28. Be2 h5 29. g3 Rb4 30. Bf3 Bd4 31. Kg2 Rb2 32. Rxb2 Bxb2 33. Ne3 {[%emt 0:00:33] An interesting draw.   Weighted Error Value: White=0.04 (flawless) /Black=0.03 (flawless) .  OK:         	White=11    	Black=10} 1/2-1/2

[Event "45th FIDE Womens Olympiad 2024"]
[Site "Budapest"]
[Date "2024.09.15"]
[Round "5.12"]
[White "Sargsyan, Anna M."]
[Black "Lu, Miaoyi"]
[Result "1-0"]
[ECO "C54"]
[WhiteElo "2364"]
[BlackElo "2438"]
[Annotator "TA"]
[PlyCount "75"]
[EventDate "2024.09.05"]
[EventType "team-tourn"]
[EventCountry "HUN"]
[SourceTitle "playchess.com"]
[Source "ChessBase"]
[SourceQuality "1"]
[WhiteTeam "Armenia"]
[BlackTeam "China"]
[WhiteTeamCountry "ARM"]
[BlackTeamCountry "CHN"]
[TimeControl "40/5400+30:1800+30"]

1. e4 e5 2. Nf3 Nc6 3. Bc4 Nf6 4. d3 Bc5 5. c3 d6 6. O-O O-O 7. Re1 a5 8. h3 Ba7 9. Bb3 h6 {[%emt 0:01:16] The position is equal.} 10. Nbd2 Be6 11. Bc2 Re8 12. Nf1 d5 13. exd5 Qxd5 14. Be3 Bxe3 15. Nxe3 (15. Rxe3 {simplifies} Qd6 16. Re1 Nd5 17. d4) 15... Qb5 16. Ba4 Qxb2 17. Rb1 Qxc3 18. Rxb7 Re7 (18... Bxa2 $2 19. Qa1 (19. Rxc7 Rac8 $16) 19... Qxa1 (19... Qxd3 $2 20. Bxc6 Qa6 21. Rxc7 $18) 20. Rxa1 $18) (18... Nb4 $5 19. Qc1 (19. Bxe8 Nxe8 20. Rb5 Nxd3 $11) 19... Qxc1 (19... Qxd3 20. Bb5 $17) 20. Rxc1 Nxd3 21. Rcxc7 Reb8 22. Rxb8+ Rxb8 $11) 19. Qb1 (19. a3 $15) 19... Nb4 $17 20. Rc1 {[%emt 0:02:29] [#]} Qa3 (20... Qxd3 $2 21. Rxb4 (21. Nxe5 $2 Qxb1 22. Rxb1 Bxa2 $19) 21... Qa3 22. Nc2 (22. Rb8+ Rxb8 23. Qxb8+ Ne8 $11) 22... Qxa2 23. Qxa2 Bxa2 24. Rb2 $18) (20... Bxa2 21. Nf5 Re6 (21... Qxd3 $2 22. Qxd3 Nxd3 23. Nxe7+ Kf8 24. Rcxc7 $18) 22. Rxc3 $11) 21. Bb3 {[%emt 0:01:16] [#]} Nxa2 (21... Bxb3 $1 $17 22. Nf5 Rd7 (22... Bxa2 23. Nxe7+ Kh8 24. Qa1 $16) 23. axb3 c5 (23... Nxd3 24. Rcxc7 Rxc7 25. Rxc7 $15) 24. Rxd7 Nxd7) 22. Rc6 $1 $11 {[%emt 0:07:31][%cal Oc6e6] Black must now prevent Rxe6!} Bxb3 (22... Nb4 $2 23. Rxe6 Rxe6 (23... fxe6 $2 24. Nc4 $18) 24. Nc4 $18) 23. Rxb3 Qa4 {[%emt 0:00:02] [#]} 24. Rxf6 gxf6 25. Nf5 (25. Nd5 Re6 26. Rb2 Qd7 (26... Nb4 27. Nxc7 Qc6 28. Nxa8 $15) 27. Qxa2 Kh8 $14) 25... Ree8 (25... Kf8 $11) 26. d4 $1 $14 {[%emt 0:02:40][%cal Ob1e4] Strongly threatening Qe4!} exd4 $2 {[%emt 0:02:23][%mdl 8192] Loses the game.} (26... Qc4 $1 $14 27. Kh2 (27. Qxa2 a4 $17) 27... Qc1 28. Qxa2 Qf4+ 29. Ng3 a4) 27. N3xd4 $18 Rad8 (27... Kh8 $142 28. Qd1 Qc4) 28. Nxh6+ {[%emt 0:02:29] Excellent horsemanship.} Kf8 {[%emt 0:00:41] [#]} 29. Qh7 $1 Re1+ (29... Qc4 30. Rd3) 30. Kh2 Qc4 31. Nhf5 $2 (31. Rd3 {mates} Rd6 32. Qh8+ Ke7 33. Qc8 (33. Ndf5+ Kd7 $11) 33... Rh1+ 34. Kxh1 Qc1+ 35. Rd1 (35. Kh2 Qf4+ 36. Kg1 Qc1+) 35... Qxd1+ 36. Kh2) 31... Ke8 32. Rd3 $40 {[%emt 0:00:18][%mdl 128] White goes for the king.} Kd7 $2 (32... Rd6 33. Nxd6+ cxd6) 33. Ne6+ Kxe6 $2 (33... Qxd3 34. Nc5+ (34. Nxd8 $2 {is the wrong capture.} Kxd8 35. Qh8+ Kd7 $19) 34... Kc6 35. Nxd3 Rxd3 36. Ne7+ (36. Qxf7 Nb4 $18) 36... Rxe7) 34. Rxd8 Qf4+ 35. Ng3 Re5 36. Qc2 {[%emt 0:01:49][%csl LRa2,LRc7] White mates.} Nb4 37. Qxc7 Re4 38. Qd7+ {[%emt 0:00:11] Weighted Error Value: White=0.33/Black=0.72.  Loses game:     	---       	Black=1      Mistake:       	White=1     	Black=5      Inaccurate:     	White=2     	---        OK:         	White=3     	Black=11     Best:        	White=3     	Black=2      Strong:       	White=2     	---} 1-0

[Event "45th FIDE Womens Olympiad 2024"]
[Site "Budapest"]
[Date "2024.09.15"]
[Round "5.13"]
[White "Munkhzul, Turmunkh"]
[Black "Tokhirjonova, Gulrukhbegim"]
[Result "1-0"]
[ECO "C68"]
[WhiteElo "2256"]
[BlackElo "2380"]
[Annotator "TA"]
[PlyCount "132"]
[EventDate "2024.09.05"]
[EventType "team-tourn"]
[EventCountry "HUN"]
[SourceTitle "playchess.com"]
[Source "ChessBase"]
[SourceQuality "1"]
[WhiteTeam "Mongolia"]
[BlackTeam "United States of America"]
[WhiteTeamCountry "MGL"]
[BlackTeamCountry "USA"]
[TimeControl "40/5400+30:1800+30"]

1. e4 e5 2. Nf3 Nc6 3. Bb5 a6 4. Bxc6 dxc6 5. Nc3 f6 6. d4 exd4 7. Qxd4 Qxd4 8. Nxd4 Bd7 9. Be3 {[%emt 0:00:42] 9.Bf4 is not played anymore.} O-O-O {[%emt 0:00:35] C68: Ruy Lopez: Exchange Variation, sidelines.} 10. f3 Ne7 11. Kf2 Ng6 12. Rad1 h5 13. h4 Re8 $146 ({Predecessor:} 13... Bd6 14. Nb3 Ne5 15. Bc5 Nc4 16. Bxd6 cxd6 17. Nd2 Ne5 18. Nf1 Kc7 19. Ne3 Be6 {½-½ Aronian,L (2722)-Caruana,F (2804) American Cup Champ 2024 (2.2)}) 14. Nde2 Ne5 15. b3 g6 16. Nf4 Bd6 17. Nd3 (17. Na4 $5) 17... Rhf8 18. Nxe5 Bxe5 19. Na4 f5 ({But not} 19... b6 $6 20. Bxb6 f5 21. Bc5 $16) 20. Nc5 Be6 21. Nxe6 Rxe6 22. exf5 gxf5 23. Bd4 Bd6 24. Rhe1 Rg6 25. Kf1 Rfg8 26. Re2 Bg3 27. Bf2 Bf4 28. Rde1 Bd6 29. Re8+ Kd7 30. Rxg8 Rxg8 31. Bd4 c5 32. Bf6 b5 33. c4 Rb8 34. Ke2 Ke6 35. Bg5 (35. Bc3 $11 {might be stronger.}) 35... bxc4 $1 $15 36. bxc4 f4 37. Kd3+ Kf5 38. Re2 Be5 39. Be7 Bd4 40. Bg5 a5 41. Re4 Be5 42. Be7 Rg8 43. Re2 Bd4 44. Bg5 Be3 45. g3 Rg6 46. Rg2 Rd6+ 47. Kc2 Rd4 48. Kc3 Rd1 49. Bxf4 Bxf4 50. gxf4 Rc1+ 51. Kd3 Kxf4 52. Rg5 Ra1 $2 (52... Rd1+ $14 53. Ke2 Ra1) 53. Rxh5 $18 Rxa2 54. Rxc5 Kxf3 $2 (54... Rh2 {might work better.} 55. h5 (55. Rxc7 Rxh4 56. Rd7 Ke5 $14) 55... Kxf3 56. Rxa5 (56. Rxc7 Rxh5 57. Rf7+ Kg3 $16) 56... Rh1) 55. Rxc7 $18 Kf4 56. Rc5 a4 57. Ra5 a3 58. Kc3 Ke4 59. h5 Ra1 60. h6 Rh1 61. Rxa3 Rxh6 62. Ra8 Ke5 63. Rd8 Ke6 {[%emt 0:00:51] [#]} 64. Kb4 $1 Rh1 65. Kb5 Ke7 66. Rd2 Rb1+ 1-0

[Event "45th FIDE Womens Olympiad 2024"]
[Site "Budapest"]
[Date "2024.09.15"]
[Round "5.13"]
[White "Swaminathan, Laia"]
[Black "Bouzana, Christina"]
[Result "1-0"]
[ECO "E11"]
[WhiteElo "1620"]
[BlackElo "1644"]
[PlyCount "81"]
[EventDate "2024.09.05"]
[EventType "team-tourn"]
[EventCountry "HUN"]
[WhiteTeam "Cayman Islands"]
[BlackTeam "Cyprus"]
[WhiteTeamCountry "CAY"]
[BlackTeamCountry "CYP"]
[TimeControl "40/5400+30:1800+30"]

1. d4 Nf6 2. Nf3 e6 3. c4 Bb4+ 4. Bd2 Qe7 5. a3 Bxd2+ 6. Nbxd2 d6 7. e3 O-O 8. Bd3 e5 9. Qc2 Re8 10. dxe5 dxe5 11. Be2 Nbd7 12. O-O b6 13. Rfd1 Bb7 14. Nf1 a5 15. Ng3 g6 16. Nd2 a4 17. Bf3 Bxf3 18. Nxf3 Nc5 19. Nd2 Nfd7 20. Ne2 Red8 21. Nc3 c6 22. Na2 Nf6 23. Nb4 Qc7 24. Nf3 Nb3 25. Rab1 Re8 26. Nd2 Nc5 27. h3 Re6 28. Nf3 h6 29. Re1 Qe7 30. Rbd1 Nfe4 31. Nxe5 Rxe5 32. Nxc6 Qc7 33. Nxe5 Qxe5 34. Rd5 Qe7 35. Red1 Re8 36. Qe2 Nf6 37. Rd6 Nfd7 38. Qf3 Ne5 39. Qd5 Qc7 40. f4 Ned7 41. Rxg6+ 1-0

[Event "45th FIDE Womens Olympiad 2024"]
[Site "Budapest"]
[Date "2024.09.15"]
[Round "5.14"]
[White "Yip, Carissa"]
[Black "Munguntuul, Batkhuyag"]
[Result "1/2-1/2"]
[ECO "B12"]
[WhiteElo "2386"]
[BlackElo "2346"]
[Annotator "TA"]
[PlyCount "109"]
[EventDate "2024.09.05"]
[EventType "team-tourn"]
[EventCountry "HUN"]
[SourceTitle "playchess.com"]
[Source "ChessBase"]
[SourceQuality "1"]
[WhiteTeam "United States of America"]
[BlackTeam "Mongolia"]
[WhiteTeamCountry "USA"]
[BlackTeamCountry "MGL"]
[TimeControl "40/5400+30:1800+30"]

1. e4 c6 2. d4 d5 3. e5 Bf5 4. Nf3 e6 5. Be2 c5 6. O-O Nc6 7. Be3 cxd4 8. Nxd4 Nxd4 {[%emt 0:00:11] B12: Caro-Kann: Advance Variation.} 9. Qxd4 Ne7 10. Qa4+ Nc6 11. c4 d4 12. Rd1 Bc5 13. b4 Qh4 $146 ({Predecessor:} 13... Bxb4 14. Bf3 Qd7 15. Bxc6 Qxc6 16. Qxb4 dxe3 17. fxe3 Rc8 18. Na3 Qc5 19. Qxc5 Rxc5 {0-1 Beikert,G (2432)-Hera,I (2533) BL2-Sued 1112 2011 (2.1)}) 14. g3 Qe4 15. Bd3 Qf3 (15... Qxe5 16. Bf4 Qf6 17. Bxf5 (17. bxc5 Bxd3 18. Rxd3 e5 $11) 17... Qxf5 18. Qb5 $14 (18. bxc5 $14)) (15... Qg4 $1 $19) 16. Nd2 $17 Qh5 17. Bf4 (17. Bxf5 $17 Qxf5 (17... dxe3 18. Be4 $15) 18. Bh6 gxh6 19. bxc5) 17... Bxb4 ({Better is} 17... Bxd3 $19 18. bxc5 O-O) 18. Bxf5 $17 Qxf5 19. Nf3 O-O 20. Rab1 (20. Nxd4 $2 Nxd4 21. Qxb4 Qe4 $19) 20... Qe4 21. Ng5 Qe2 22. Qb3 Bc3 23. Qxb7 Nxe5 (23... Qxc4 $17 {[%cal Oh7h6] Threatens to win with ...h6!} 24. Qb5 Qxb5 (24... Qxa2 25. Qxc6 g6 26. Nxf7 $18) 25. Rxb5 Rfb8) 24. c5 d3 25. Ne4 (25. Qe4 $15 f5 26. Qa4) 25... Bd4 (25... Nf3+ $19 26. Kg2 Ne1+ 27. Kg1 Ba5 (27... Nf3+ 28. Kg2 $19)) 26. Bxe5 $17 Bxe5 27. Rd2 Rab8 $1 (27... Qf3 28. Nd6 Qxb7 29. Rxb7 $15 (29. Nxb7 Rfc8 $14)) 28. Rxe2 (28. Qxb8 $2 Rxb8 29. Rxb8+ Bxb8 $19) 28... Rxb7 29. Ree1 Rxb1 30. Rxb1 f5 31. Ng5 h6 32. Nxe6 Re8 33. Nf4 d2 $1 34. Kf1 Bc3 $1 35. Ne2 Ba5 36. Rd1 Kf7 (36... Rc8 $6 37. Nd4 $11) 37. c6 Kf6 38. c7 {[%emt 0:00:12] [#]} Rc8 $1 (38... Bxc7 $6 39. Rxd2 Rd8 40. Rc2 $11) 39. Nd4 ({Wrong is} 39. Nf4 $2 g5 (39... Bxc7 40. Nd5+ Ke6 41. Nxc7+ Rxc7 42. Rxd2 $11) (39... Ke5 $2 40. Ke2 $19) 40. Nd3 Rxc7 $19) 39... Rxc7 (39... Bxc7 40. Rxd2 Bb6 41. Ne2) 40. Nb3 {[%emt 0:00:02] [#]} Bb4 $1 41. Nxd2 Rc2 42. Nb3 Rxa2 43. Rd5 g6 44. Rb5 a5 45. h3 Ra3 ({Black should try} 45... Ke7 $19 {Hoping for ...Kd6.} 46. h4 h5) 46. Nd4 $17 Rc3 (46... Ra1+ $17 47. Ke2 Bd6) 47. Rb6+ $15 Kg7 48. Ra6 Rd3 49. Nc6 f4 50. gxf4 Rf3 51. Kg2 (51. Ra7+ $11 {keeps the balance.} Kg8 52. Ra8+ Kg7 53. Ra7+ Kf6 54. Ra6) 51... Rxf4 $17 52. Nxa5 Bc5 53. Nb7 Rxf2+ ({Of course not} 53... Bxf2 54. Nd8 Rf5 55. Nc6 $15) 54. Kg3 Rf5 ({Black should play} 54... Bd4 $17) 55. Nxc5 1/2-1/2